Map: Ley Lines

Players

wootwoot - Winner!

  • Race: Protoss Protoss
  • League: Silver
  • Spawn Location: 1:00

Jdawg

  • Race: Protoss Protoss
  • League: Silver
  • Spawn Location: 7:00

VOD

Have the link to the VOD?

Description

Time

  • Played on: April 1, 2025, 4:50 p.m.
  • Length: 4:50
Show
View Real Time Build Order
Export as new Build Order

wootwoot Protoss - Winner!

Build Orders:  

Get SALT Encoding   

  12  0:01  Probe  
  13  0:13  Probe  
  14  0:19  Pylon  
  14  0:25  Probe  
  15  0:38  Gateway  
  15  0:42  Assimilator  
  15  0:52  Pylon  
  15  1:10  Gateway  
  15  1:11  Gateway  
  15  1:25  Cybernetics Core  
  15  1:47  Probe  
  15  1:48  Warp Gate  
  15  1:50  Stalker x2  
  16  1:59  Probe  
  21  2:16  Stalker  
  23  2:45  Nexus  
  16  4:06  Probe  
  17  4:14  Probe  
  17  4:22  Probe  
  19  4:32  Probe  
Show
View Real Time Build Order
Export as new Build Order

Jdawg Protoss 

Build Orders:  

Get SALT Encoding   

  12  0:01  Probe  
  13  0:13  Probe  
  14  0:21  Pylon  
  14  0:29  Probe  
  15  0:43  Probe  
  15  0:47  Forge  
  16  0:51  Probe  
  17  1:00  Probe  
  17  1:02  Pylon  
  18  1:14  Probe  
  19  1:26  Probe  
  19  1:27  Photon Cannon  
  19  1:29  Photon Cannon  
  20  1:44  Pylon  
  20  1:51  Pylon  
  20  2:04  Photon Cannon  
  20  2:07  Photon Cannon  
  20  2:14  Photon Cannon  
  20  2:16  Photon Cannon  
  20  2:22  Photon Cannon  
  20  2:28  Pylon  
  20  2:42  Pylon  
  20  2:44  Pylon  
  20  2:50  Photon Cannon  
  20  2:58  Photon Cannon  
  13  3:44  Pylon  
  7  4:10  Photon Cannon  
Tags
 
Matchup
PvP
Replay Pack
B2M-Replays
Spawn Locations
Cross Positions
Add a new tag
Caveats
  • Supply blocks, unpowered buildings, or Contaminate may cause inaccurate times.
  • Supply counts are checked every 10 seconds.